 Dungeon Crawl Stone Soup version 0.17-a0-977-g4154171 (webtiles) character file.

21 Hanyuu the Insei (level 2, -6/18 HPs)
             Began as an Octopode Transmuter on May 10, 2015.
             Killed from afar by Natasha (9 damage)
             ... with a magic dart
             ... on level 2 of the Dungeon.
             The game lasted 00:01:51 (934 turns).

Hanyuu the Insei (Octopode Transmuter)               Turns: 934, Time: 00:01:51

Health: -6/18      AC:  1    Str:  9    XL:     2   Next: 87%
Magic:  0/5        EV: 12    Int: 15    God:
Gold:   33         SH:  0    Dex: 12    Spells: 2 memorised, 2 levels left

rFire  . . .     SeeInvis .     a - 28 arrows
rCold  . . .     Clarity  .     (no shield)
rNeg   . . .     SustAb   .     (helmet restricted)
rPois  .         Gourm    .     (no amulet)
rElec  .         Spirit   .     (no ring)
rCorr  .         Warding  .     (no ring)
rMut   .         Stasis   .     (no ring)
MR     .....                    (no ring)
Stlth  ++........               (no ring)
                                (no ring)
                                (no ring)
                                (no ring)

@: slowed, very slow, not resistant to hostile enchantments, unstealthy
A: almost no armour, amphibious, 8 rings, constrict 8, camouflage 1, gelatinous
body 1
a: no special abilities


You were on level 2 of the Dungeon.
You were not hungry.

You visited 1 branch of the dungeon, and saw 2 of its levels.

You collected 33 gold pieces.

Inventory:

Missiles
 a - 28 arrows (in tentacle)
 j - 3 needles of confusion
Scrolls
 d - a scroll of enchant armour {unknown}
 e - 3 scrolls of immolation {unknown}
 f - a scroll of fear {unknown}
 g - a scroll of enchant weapon {unknown}
 h - 2 scrolls of remove curse {unknown}
 k - a scroll of teleportation {unknown}
Books
 b - a book of Changes

   Spells                             Type                      Level
   a - Beastly Appendage              Transmutation                1
   b - Sticks to Snakes               Transmutation                2
   c - Spider Form                    Transmutation/Poison         3
   d - Ice Form                       Ice/Transmutation            4
   e - Blade Hands                    Transmutation                5
Comestibles
 c - 2 bread rations
 i - a chunk of flesh


   Skills:
 - Level 1.0 Fighting
 - Level 2.0 Dodging
 + Level 4.0 Unarmed Combat
 - Level 2.0 Spellcasting
 - Level 2.0 Transmutations


You had 2 spell levels left.
You knew the following spells:

 Your Spells              Type           Power        Failure   Level  Hunger
a - Beastly Appendage     Trmt           #.....       12%         1    #......
b - Sticks to Snakes      Trmt           #.........   14%         2    ###....


Dungeon Overview and Level Annotations

Branches:
Dungeon (2/15)

Altars:

Annotations:
D:2 Natasha


Innate Abilities, Weirdness & Mutations

You cannot wear most types of armour.
You are amphibious.
You can wear up to eight rings at the same time.
You can use your tentacles to constrict eight enemies at once.
Your skin changes colour to match your surroundings (Stealth).
Your rubbery body absorbs attacks (AC +1).


Message History

Your ball python bites something.
Your ball python barely misses something.
Something closely misses your ball python.
Your ball python bites something but does no damage.
Your ball python barely misses something.
Something claws your ball python!
Your ball python dies!
Natasha casts a spell.
Casting: Sticks to Snakes
Confirm with . or Enter, or press ? or * to list all spells.
You create a snake!
The crimson imp blinks!
Natasha gestures.
Suddenly you are surrounded with a pale green light.
Natasha stares at you and mumbles some strange words.
The magic dart hits you!
* * * LOW HITPOINT WARNING * * *
Natasha stares at you and mumbles some strange words.
The magic dart hits you!
Ouch! That really hurt!
You die...

#.......## ##.#h#
##.....## ###K#
##...# ####.# ##+#
#ยง5..# #.# #.####
#.# #5# ##.## #h#
##...## #.#
#.....######@#
######...##.....S#
#...>.......######
..#####.##### ###
#.# #.# #.# #.#
#.#


You could see Natasha, a crimson imp, a white imp and a friendly ball python.

Vanquished Creatures
  A giant gecko (D:1)
  A giant cockroach (D:1)
  8 goblins
  2 hobgoblins (D:1)
  4 bats
  A giant newt (D:1)
  A rat (D:1)
18 creatures vanquished.

Vanquished Creatures (collateral kills)
  A kobold (D:2)
1 creature vanquished.

Grand Total: 19 creatures vanquished

Notes
Turn   | Place    | Note
--------------------------------------------------------------
     0 | D:1      | Hanyuu, the Octopode Transmuter, began the quest for the Orb.
     0 | D:1      | Reached XP level 1. HP: 13/13 MP: 3/3
   198 | D:1      | Reached XP level 2. HP: 15/18 MP: 5/5
   402 | D:1      | Learned a level 2 spell: Sticks to Snakes
   885 | D:2      | Reached skill level 4 in Unarmed Combat
   908 | D:2      | Noticed Natasha
   934 | D:2      | Killed from afar by Natasha

Vault maps used:
D:1:      dpeg_arrival_arbitrary_b
D:2:      uniq_crazy_yiuf_cottage, uniq_natasha

Action                   || total
-------------------------++-------
Melee: Unarmed           ||    42
 Cast: Sticks to Snakes  ||     3
 Stab: Sleeping          ||     3
